← All builds
Pond / Armada / Economy first / OBSERVED BUILD

Fatboy buy

Armada Pond build order · Supreme Isthmus

Pond funds Tech to produce a Fatboy from 5:04 and gets it delivered by Hephaestus to push the front early.

#team support #push · 459 distinct matches · 112 players · 25% of Armada Pond games · team won 48% of 496 · Recently observed

THE CATCH, AND WHAT COMES WITH IT
  • FatboyFatboy from Tech arrives 5:04 · 21% of role by thenTech makes it and hands it over.
  • HephaestusHeavy transport from an ally in 80%21% of all Pond games by then

Paid for by sending allies about 1,100 metal and 13,000 energy by 5:00; standard pond sends 0 metal and 9,000 energy.

Where those units first fight, in 466 games with kill data: in the middle 86%, on their own side 14%.

Those units destroy a typical 2,938 metal of enemy units by 15:00.

Then transitions into tick (31% of army), pawn (15% of army), blitz (8% of army).

HOW TO PLAY IT

Key timing: Fatboy to front by 5:02

  1. Open tidals and mex, add wind as usual Pond eco.
  2. Grab a heavy transport from air to fly it forward.
  3. Send Tech heavy metal and energy to buy a Fatboy.
  4. Get Fatboy handed over from Tech's factory for front.
  5. Fight in middle with Fatboy, then return to normal Tick and Pawn lab output.

Phase by phase

TYPICAL OF ITS 459 GAMES · AGAINST STANDARD POND
  1. 1
  2. 2
PLAY THE OPENING

Follow the example game's first 6:05 step by step: what to build now, what comes next, and where it goes. At 1× it keeps pace with your own game.

  1. 1

    Up to the Bot Lab

    Economy
    • Metal Extractor4Mex
    • Wind Turbine10Wind
    • Tidal Generator8Tidalfor allies
    • Tidal Generator1Tidal
    • Energy Converter2Converter
    • Energy Storage1Energy storage
    Order
    1. Bot LabBot Lab after 4 mex, 11 wind, 2 converterdone ~5:55, middle half 4:53–6:58

    The standard build makes here, this one skips: 2 con bot

    By 5:27 in all: 4 mex · 10 wind · 1 tidal · 2 converter · 1 energy storage

    The example game in this phase · 7 steps
    1. Tidal ×7for Suicide front
    2. Tidal
    3. Tidalfor Front
    4. Tidal
    5. Mex ×4
    6. Wind ×14
    7. Bot LabBot Labdone 6:07 · typical 5:55
  2. 2

    Bot Lab to 10:00

    Economy
    • Wind Turbine7Wind−20 vs standard
    Builders
    • Construction Turret1 Con turret
    • Construction Bot2 Con bot +2 vs standard
    Army
    • Tick6 Tick +6 vs standard

    Some games also: Lazarus (45%) · converter (34%) · eat Bot Lab (37%)

    The standard build makes here, this one skips: 6 converter

    By 10:00 in all: 4 mex · 22 wind (standard 38) · 1 tidal · 4 converter (standard 9) · 1 energy storage · 2 con turret

    The example game in this phase · 84 steps
    1. Construction BotCon bot ×2
    2. Con turret
    3. Construction BotCon bot
    4. TickTick ×9
    5. NettleNettle
    6. TickTick ×3
    7. NettleNettle
    8. TickTick ×27
    9. Construction BotCon bot
    10. Con turret
    11. TickTick ×16
    12. JunoJuno
    13. TickTick ×5
    14. Con turret
    15. TickTick
    16. Advanced Metal ExtractorT2 mexdone 12:05 · typical 9:52
    17. TickTick ×4
    18. Energy storage
    19. TickTick ×3
    20. Wind
    21. TickTick ×2
    22. Energy storage
    23. TickTick
    24. Mex
    25. Wind
    26. TickTick
    27. Wind
    28. TickTick
    29. Wind
    30. TickTick
    31. Wind
    32. TickTick
    33. Con turret
    34. TickTick ×2
    35. Wind
    36. TickTick ×2
    37. Wind
    38. TickTick ×3
    39. Wind
    40. TickTick ×2
    41. Wind
    42. TickTick
    43. Wind
    44. TickTick ×2
    45. Wind
    46. TickTick ×2
    47. Wind
    48. TickTick ×2
    49. Wind
    50. TickTick ×3
    51. Wind
    52. TickTick ×2
    53. Advanced Metal ExtractorT2 mex
    54. TickTick ×7
    55. Wind
    56. TickTick ×15
    57. Advanced Metal ExtractorT2 mex
    58. TickTick
    59. Wind
    60. TickTick ×4
    61. Sneaky PeteSneaky Pete
    62. TickTick ×6
    63. Wind
    64. TickTick ×10
    65. Wind
    66. TickTick ×2
    67. Advanced Metal ExtractorT2 mex
    68. TickTick ×2
    69. Sneaky PeteSneaky Pete
    70. TickTick ×6
    71. Wind
    72. TickTick ×7
    73. BeamerBeamer
    74. TickTick
    75. Wind
    76. TickTick ×3
    77. JunoJuno
    78. TickTick
    79. Wind
    80. TickTick
    81. Wind
    82. TickTick ×2
    83. Wind
    84. TickTick

Counts are medians over the build's games: half of them build more, half fewer. The example game is Bishtou's (31 OS, 24/08/2026); pick another.

Team trades

IN AT LEAST 30% OF ITS GAMES

You hand over

  • Tidal Generator8 Tidal to Suicide front or Frontfirst at 0:10 · in 97% of games

You get

  • Hephaestus1 Heavy transport from Air or Techfirst at 4:50 · in 82% of games
  • Fatboy1 Fatboy from Techfirst at 5:05 · in 100% of games
  • Advanced Construction Bot1 T2 con bot from Techfirst at 8:14 · in 96% of games

How it plays out

Typical game of this build against the role’s standard build, running totals by minute

  • This build
  • Standard pond

Metal produced

010k20k30k
0:005:0010:0015:00

metal

Enemy metal destroyed

02k4k6k
0:005:0010:0015:00

metal

Own metal lost

02k4k
0:005:0010:0015:00

metal

Metal sent to allies

01k2k
0:005:0010:0015:00

metal

Energy sent to allies

020k40k60k
0:005:0010:0015:00

metal

496 games.

Show as table
ByMetal produced: This buildMetal produced: Standard pondEnemy metal destroyed: This buildEnemy metal destroyed: Standard pondOwn metal lost: This buildOwn metal lost: Standard pondMetal sent to allies: This buildMetal sent to allies: Standard pondEnergy sent to allies: This buildEnergy sent to allies: Standard pond
1:0011511500000012911282
2:0026926800000026102781
3:0080979900000039864436
4:00148814730000404064756138
5:0022222185000011101131118989
6:0029802995000013872321827612657
7:0038153910360210014744372142815669
8:0047064948125717018911715674632425519216
9:0056646223206137946331616174682659021289
10:0067947705297661194655216514902926823110
11:00824296453532842145585517325183073726170
12:00995212052390411691880128917525243260527931
13:001219714538442015532333187618036263540630525
14:001453017427487721342929253518586653878131558
15:001711620188536925993509324919377084236732681
WHAT THE NUMBERS SAY

Same win rate as the standard build but destroys far more enemy metal by 15:00 at the cost of much higher own metal production lost.

  • + Destroys 5806 enemy metal by 15:00 vs 2962 standard.
  • + Reclaims Bot Lab in 39% of games to recoup metal.
  • − Own metal lost roughly doubles by 10:00 (988 vs 440).
  • − Metal production falls behind standard by 15:00 (17452 vs 20971).
THE EXAMPLE YOU ARE READING

Bishtou

30.8 OS · 24/08/2026

Open source match ↗

4 received units · includes a constructor
133 metal received · 13528 energy received

Allied construction assistance is unknown. Timings are observations, not a promise of solo reproducibility.

Typical milestones

Bot Lab5:55Middle 50%: 4:53–6:58 · n=443
Advanced Metal Extractor9:52Middle 50%: 9:06–10:35 · n=469

Played most by

Teaner43games of this buildHummell20games of this buildDRM17games of this build_X_17games of this build[Grump]Grumpiness16games of this build